AoeStats
← ^4Yeeegz

Arabia

507912874Analyzed
1v1 RM · 10d ago on Sep 20, 2026· 44m 13s· 2 players
Game mode
Random Map
Map size
Tiny (2 player)
Population
200
Speed
Normal
Resources
Standard
Victory
Conquest
Starting age
Dark Age
Ending age
Imperial Age
RankedLock teamsTeams togetherTeam positionsShared explorationLock speedFull tech treeHidden civsTurbo modeCheats
Victory
Defeat
🇹🇼 Byzantines · Taiwan
1350
+13
🇺🇸 Britons · United States
1290
-13
Not.Hera
6:24 Loom
8:45 Feudal Age
11:23 Double-Bit Axe
12:13 Horse Collar
21:41 Castle Age
20:25 Gold Mining
21:01 Fletching
21:11 Padded Archer Armor
22:27 Bodkin Arrow
21:54 Elite Skirmisher
24:13 Bow Saw
29:48 Wheelbarrow
29:32 Husbandry
34:45 Imperial Age
32:31 Hand Cart
32:38 Heavy Plow
32:21 Light Cavalry
33:07 Scale Barding Armor
33:43 Hand Cart
34:26 Chain Barding Armor
35:20 Forging
35:45 Leather Archer Armor
35:32 Stone Mining
36:02 Bracer
37:48 Chemistry
37:39 Plate Barding Armor
37:57 Treadmill Crane
38:37 Ballistics
39:12 Iron Casting
39:59 Gold Shaft Mining
40:50 Thumb Ring
41:13 Conscription
41:19 Hussar
42:07 Heavy Camel Rider
44:52 Ring Archer Armor
44:10 Cavalier
^4Yeeegz
7:04 Loom
9:08 Feudal Age
9:41 Double-Bit Axe
10:04 Horse Collar
19:25 Castle Age
17:42 Gold Mining
20:12 Fletching
20:44 Bow Saw
21:46 Bodkin Arrow
22:36 Town Watch
24:34 Wheelbarrow
30:06 Hand Cart
30:29 Heavy Plow
34:10 Gold Shaft Mining
37:10 Imperial Age
34:35 Stone Mining
35:01 Padded Archer Armor
35:20 Husbandry
36:40 Ballistics
36:04 Treadmill Crane
36:56 Ballistics
37:30 Leather Archer Armor
37:59 Bracer
39:02 Chemistry
38:24 Conscription
39:23 Two-Man Saw
38:52 Light Cavalry
40:21 Guilds
40:52 Elite Longbowman
43:27 Scale Barding Armor
43:32 Forging
Connection lost

Rejoining the realm…

Still unreachable

The connection could not be restored.

Session expired

The server has moved on; the page needs a fresh start.